 Dungeon Crawl Stone Soup version 0.30-a0-279-g4b46babb21 (webtiles) character file.

Game seed: 13972183156748226924

45 themarg the Chopper (level 3, -2/35 HPs)
             Began as a Gnoll Chaos Knight on Oct 16, 2022.
             Was a Plaything of Xom.
             Killed by nerve-wracking pain
             ... invoked by a shadow imp
             ... summoned by Xom
              (12 damage)
             ... on level 2 of the Dungeon.
             The game lasted 00:03:22 (788 turns).

themarg the Chopper (Gnoll Chaos Knight)             Turns: 788, Time: 00:03:22

Health: -2/35      AC:  5    Str: 13    XL:     3   Next: 64%
Magic:  4/4        EV: 11    Int: 11    God:    Xom [.*....]
Gold:   30         SH:  5    Dex: 11    Spells: 4/4 levels left

rFire   . . .      SeeInvis .    a - +0 hand axe (chaos)
rCold   . . .      Faith    .    k - +2 buckler
rNeg    . . .      Spirit   .    b - +2 leather armour
rPois   .          Reflect  .    (no helmet)
rElec   .          Harm     .    (no cloak)
rCorr   .          Rampage  .    (no gloves)
Will    .....                    (no boots)
Stlth   +.........               (no amulet)
HPRegen 0.25/turn                (no ring)
MPRegen 0.09/turn                (no ring)

@: no status effects
A: fangs 1, strong nose, distributed training
a: Renounce Religion


You were on level 2 of the Dungeon.
You worshipped Xom.
You were a plaything of Xom.
You visited 1 branch of the dungeon, and saw 3 of its levels.

You collected 30 gold pieces.

Inventory:

Hand Weapons
 a - a +0 hand axe of chaos (weapon)
Missiles
 g - 25 stones
 i - 2 boomerangs
 m - 6 poisoned darts
Armour
 b - a +2 leather armour (worn)
 k - a +2 buckler (worn)
Magical Staves
 o - a staff of cold
Scrolls
 d - 3 scrolls of fear {unknown}
 e - a scroll of immolation {unknown}
 f - 2 scrolls of identify {unknown}
 h - 2 scrolls of poison {unknown}
 l - a scroll of magic mapping {unknown}
 n - a scroll of blinking {unknown}
Potions
 j - a potion of might {unknown}
Miscellaneous
 c - a piece from Xom's chessboard (15/15) (quivered)


   Skills:
 + Level 6.5 Fighting
 + Level 1.0 Short Blades
 + Level 1.0 Long Blades
 + Level 6.5 Axes
 + Level 1.0 Maces & Flails
 + Level 1.0 Polearms
 + Level 1.0 Staves
 + Level 1.0 Ranged Weapons
 + Level 1.0 Throwing
 + Level 4.6 Armour
 + Level 2.6 Dodging
 + Level 1.0 Stealth
 + Level 1.0 Shields
 + Level 1.0 Unarmed Combat
 + Level 1.0 Spellcasting
 + Level 0.7 Conjurations
 + Level 0.7 Hexes
 + Level 0.7 Summonings
 + Level 0.7 Necromancy
 + Level 0.7 Translocations
 + Level 0.7 Transmutations
 + Level 0.7 Fire Magic
 + Level 0.7 Ice Magic
 + Level 0.7 Air Magic
 + Level 0.7 Earth Magic
 + Level 0.7 Poison Magic
 + Level 1.0 Invocations
 + Level 1.0 Evocations


You had 4 spell levels left.
You didn't know any spells.
Your spell library was empty.

Dungeon Overview and Level Annotations

Branches:
Dungeon (3/15)

Altars:
Hepliaklqana

Shops:
D:3 :


Innate Abilities, Weirdness & Mutations

You have very sharp teeth.
Your uncanny sense of smell can sniff out nearby items.
Your experience applies equally to all skills.


Message History

Your Polearms skill increases to level 1!
Your Staves skill increases to level 1!
Your Ranged Weapons skill increases to level 1!
Your Throwing skill increases to level 1!
Your Stealth skill increases to level 1!
Your Shields skill increases to level 1!
Your Unarmed Combat skill increases to level 1!
Your Spellcasting skill increases to level 1!
Your Evocations skill increases to level 1!
You feel sick.
You feel sick.
You feel sick.
You are no longer poisoned. "Let's see if it's strong enough to survive yet."
Found a ring mail.
You block the shadow imp's attack.
You closely miss the shadow imp. The shadow imp hits you.
You hit the shadow imp but do no damage.
You hit the iron imp but do no damage. The iron imp barely misses you.
The shadow imp closely misses you.
You hit the shadow imp but do no damage.
The shadow imp seems to speed up.
You hit the iron imp but do no damage.
The iron imp seems to slow down.
The iron imp is no longer moving slowly.
The shadow imp gestures at you. Pain shoots through your body!
The iron imp hits you!
You closely miss the shadow imp. You hit the iron imp but do no damage.
The iron imp is poisoned.
You block the shadow imp's attack. The shadow imp hits you.
You hit the shadow imp. You burn the shadow imp.
The shadow imp is lightly wounded.
You barely miss the iron imp. You block the shadow imp's attack.
The iron imp hits you!
* * * LOW HITPOINT WARNING * * *
You hit the shadow imp. You burn the shadow imp.
The shadow imp is almost dead.
You barely miss the iron imp. The shadow imp gestures at you.
Pain shoots through your body!
You die... "It was about time."

.. .#... [ .. ....
.. #.#...# # .#.
.....#.# ....##
...#.#.#
#....##.#....#
#.....#5...#
#5@...# ###...##
#....########
#............
#............
##########.........
#....######...####
#.............##
#..............#


You could see an iron imp (summoned, poisoned) and a shadow imp (summoned,
fast).

Vanquished Creatures
  2 adders (D:2)
  A bat (D:1)
  2 endoplasms
  2 hobgoblins (D:1)
  2 kobolds (D:1)
  3 quokkas
  6 ball pythons
  5 goblins (D:1)
  A rat (D:1)
24 creatures vanquished.

Notes
Turn   | Place    | Note
-------+----------+-------------------------------------------
     0 | D:1      | themarg the Gnoll Chaos Knight began the quest for the Orb.
     0 | D:1      | Reached XP level 1. HP: 23/23 MP: 1/1
   127 | D:1      | Reached XP level 2. HP: 25/29 MP: 2/2
   160 | D:1      | XOM: divination: detect items
   225 | D:1      | XOM: potion effect (might)
   245 | D:1      | XOM: enchant monster (bad)
   584 | D:2      | Found a faded altar of an unknown god.
   592 | D:2      | Reached XP level 3. HP: 28/35 MP: 3/3
   620 | D:2      | You fall into a shaft and drop 1 floor!
   620 | D:3      | Found Buvafet's Vocational Training.
   631 | D:2      | Reached skill level 1 in Invocations
   636 | D:2      | Found a hazy altar of Hepliaklqana.
   689 | D:2      | XOM: 1-stop teleportation journey
   726 | D:2      | Reached skill level 1 in Short Blades
   726 | D:2      | Reached skill level 1 in Long Blades
   726 | D:2      | Reached skill level 1 in Maces & Flails
   726 | D:2      | Reached skill level 1 in Polearms
   726 | D:2      | Reached skill level 1 in Staves
   726 | D:2      | Reached skill level 1 in Ranged Weapons
   726 | D:2      | Reached skill level 1 in Throwing
   726 | D:2      | Reached skill level 1 in Stealth
   726 | D:2      | Reached skill level 1 in Shields
   726 | D:2      | Reached skill level 1 in Unarmed Combat
   726 | D:2      | Reached skill level 1 in Spellcasting
   726 | D:2      | Reached skill level 1 in Evocations
   781 | D:2      | XOM: summons 2 hostile demons
   788 | D:2      | Killed from afar by a shadow imp

Illustrated notes

Levels and vault maps discovered:
D:1:      nzn_arrival_depleted_hourglass, layout_rooms
D:2:      layout_basic, nicolae_ecumenical_snake_handling, basic_altar,
          wad_floor_pattern_untrapped, minivault_24,
          minmay_misc_feat_four_crosses
D:3:      layout_loops_ring, nicolae_shop_vocational

Skill      XL: |  1  2  3 |
---------------+----------+-----
Invocations    | 1 |  1.0
Short Blades   | 1 |  1.0
Long Blades    | 1 |  1.0
Maces & Flails | 1 |  1.0
Polearms       | 1 |  1.0
Staves         | 1 |  1.0
Ranged Weapons | 1 |  1.0
Throwing       | 1 |  1.0
Stealth        | 1 |  1.0
Shields        | 1 |  1.0
Unarmed Combat | 1 |  1.0
Spellcasting   | 1 |  1.0
Evocations     | 1 |  1.0
Fighting       | |  6.5
Axes           | |  6.5
Armour         | |  4.6
Dodging        | |  2.6
Conjurations   | |  0.7
Hexes          | |  0.7
Summonings     | |  0.7
Necromancy     | |  0.7
Translocations | |  0.7
Transmutations | |  0.7
Fire Magic     | |  0.7
Ice Magic      | |  0.7
Air Magic      | |  0.7
Earth Magic    | |  0.7
Poison Magic   | |  0.7

Action                   || total
-------------------------++-------
Melee: Hand axe          ||    74
       Bite              ||     6
 Stab: Sleeping          ||     1
Armor: Leather armour    ||    28
Dodge: Dodged            ||    38
Block: Buckler           ||    14

Table legend: (Time is in decaauts)
 A = Elapsed time spent in this place.
 B = Non-inter-level travel time spent in this place.
 C = Inter-level travel time spent in this place.
 D = Time resting spent in this place.
 E = Time spent auto-exploring this place.
 F = Levels seen in this place.
 G = Mean time per level.
                   A        B        C        D        E       F      G
               +--------+--------+--------+--------+--------+-----+--------+
         Total |    787 |    769 |     18 |      0 |    611 |   3 |  262.3 |
       Dungeon |    787 |    769 |     18 |      0 |    611 |   3 |  262.3 |
               +--------+--------+--------+--------+--------+-----+--------+

Top non-repeatable levels by time:
     D:1: 583 daAuts
     D:2: 197 daAuts
     D:3: 6 daAuts
